 Dungeon Crawl Stone Soup version 0.23-b1 (webtiles) character file.

Game seed: 290129936726422332

207 Korosensei the Grave Robber (level 5, -2/42 HPs)
             Began as a Deep Dwarf Necromancer on Jan 30, 2019.
             Killed by nerve-wracking pain
             ... invoked by an orc priest
              (13 damage)
             ... on level 4 of the Dungeon.
             The game lasted 00:14:05 (4405 turns).

Korosensei the Grave Robber (DDNe)                  Turns: 4405, Time: 00:14:05

Health: -2/42      AC:  7    Str: 11    XL:     5   Next: 54%
Magic:  1/7        EV: 11    Int: 17    God:
Gold:   94         SH:  0    Dex: 13    Spells: 3/7 levels left

rFire    . . .     SeeInvis .   h - +0 hand axe
rCold    . . .     Gourm    .   (no shield)
rNeg     . . .     Faith    .   g - +0 ring mail (curse)
rPois    .         Spirit   .   p - +0 helmet
rElec    .         Reflect  .   (no cloak)
rCorr    .         Harm     .   (no gloves)
MR       .....                  (no boots)
Stlth    +.........             (no amulet)
HPRegen  0.00/turn              (no ring)
MPRegen  0.10/turn              (no ring)

@: very slightly contaminated, non-regenerating
A: damage resistance, heal wounds, sense surroundings 1, no regeneration
a: Heal Wounds


You were on level 4 of the Dungeon.
You were hungry.

You visited 1 branch of the dungeon, and saw 4 of its levels.

You collected 94 gold pieces.

Inventory:

Hand Weapons
 h - a +0 hand axe (weapon)
Armour
 a - a +0 robe
 g - a cursed +0 ring mail (worn)
 p - a +0 helmet (worn)
Jewellery
 e - an uncursed ring of protection from cold {unknown}
 f - an uncursed ring of ice {unknown}
 j - a cursed ring of teleportation {unknown}
Wands
 s - a wand of flame (19)
Scrolls
 b - a scroll of magic mapping {unknown}
 d - 4 scrolls of identify {unknown}
 k - 3 scrolls of amnesia {unknown}
 l - a scroll of remove curse {unknown}
 n - a scroll of teleportation {unknown}
 o - a scroll of enchant weapon {unknown}
Potions
 i - a potion of degeneration {unknown}
 m - a potion of cancellation {unknown}
 q - a potion of curing
Comestibles
 c - 6 rations


   Skills:
 - Level 2.2 Axes
 * Level 4.0 Armour
 - Level 2.1 Dodging
 - Level 2.4 Stealth
 - Level 1.9 Spellcasting
 + Level 5.5 Necromancy


You had 3 spell levels left.
You knew the following spells:

 Your Spells              Type           Power        Failure   Level  Hunger
a - Pain                  Necr           ###.         4%          1    #......
b - Vampiric Draining     Necr           ###.......   14%         3    ###....

Your spell library contained the following spells:

 Spells                   Type           Power        Failure   Level  Hunger
 Animate Skeleton         Necr           N/A          4%          1    #......
 Animate Dead             Necr           N/A          41%         4    #####..
 Regeneration             Chrm/Necr      Unusable     N/A         3    N/A

Dungeon Overview and Level Annotations

Branches:
Dungeon (4/15)
 Temple: D:4-7

Altars:
Uskayaw

Annotations:
D:1 exclusion: downstairs
D:2 1 runed translucent door, Crazy Yiuf, Sigmund
D:3 exclusion: downstairs


Innate Abilities, Weirdness & Mutations

You are resistant to damage.
You can heal yourself by infusing magical energy.
You passively map a small area around you.
You do not regenerate.


Message History

The orc priest is almost dead.
You feel life coursing into your body.
You are feeling hungry.
The orc priest mumbles some strange prayers to Beogh against you.
Beogh smites you!
You barely miss the orc priest.
The orc priest is almost dead.
The orc priest hits you with a +0 flail.
You hit the orc priest but do no damage.
The orc priest is almost dead.
The orc priest closely misses you.
You hit the orc priest.
The orc priest is almost dead.
The orc priest hits you with a +0 flail!
* * * LOW HITPOINT WARNING * * *
Your ring mail prevents you from hitting the orc priest.
The orc priest is almost dead.
The orc priest mumbles some strange prayers to Beogh against you.
Pain shoots through your body!
You die...

* , #. * , *
* , , , , **
* *, * *###+#
, , * ,##...#
, #..@.##+###
,,
,,#..o.......
, ,
#..).......,
* +...)......
, *
##..###.... ,
, #..# .... ,
...# ... ,
,...# .. , ,
....#, , , ,


You could see an orc priest.

Vanquished Creatures
  A worker ant (D:4)
  Robin (D:2)
  7 adders
  An ooze (D:3)
  6 worms
  2 dart slugs (D:2)
  3 leopard geckos
  An orc (D:4)
  5 bats
  4 giant cockroaches
  15 goblins
  12 hobgoblins
  3 jackals (D:1)
  4 kobolds
  A quokka (D:4)
  2 ball pythons
  3 frilled lizards
  8 rats
79 creatures vanquished.

Notes
Turn   | Place    | Note
-------+----------+-------------------------------------------
     0 | D:1      | Korosensei the Deep Dwarf Necromancer began the quest for
                  | the Orb.
     0 | D:1      | Reached XP level 1. HP: 15/15 MP: 3/3
   186 | D:1      | Reached XP level 2. HP: 22/22 MP: 1/4
   452 | D:1      | Reached skill level 1 in Axes
   452 | D:1      | Reached skill level 1 in Armour
   592 | D:1      | Reached XP level 3. HP: 19/28 MP: 5/5
   597 | D:1      | Learned a level 3 spell: Vampiric Draining
   944 | D:2      | Noticed Robin
  1284 | D:2      | Reached XP level 4. HP: 27/36 MP: 2/6
  1424 | D:2      | Killed Robin
  1918 | D:2      | Noticed a +0 dagger
  1919 | D:2      | Noticed a +0 hand axe
  1934 | D:2      | Found a hide-covered altar of Uskayaw.
  2126 | D:2      | Reached skill level 5 in Necromancy
  2233 | D:2      | Found a runed translucent door.
  2234 | D:2      | Noticed Crazy Yiuf
  2624 | D:2      | Noticed Sigmund
  2789 | D:3      | Reached XP level 5. HP: 33/42 MP: 0/7
  4286 | D:4      | Noticed an ogre
  4405 | D:4      | Killed from afar by an orc priest

Skill      XL: |  1  2  3  4  5 |
---------------+----------------+-----
Axes           | 1 2 |  2.2
Armour         | 1 2 3 4 |  4.0
Necromancy     | 5 |  5.5
Dodging        | |  2.1
Stealth        | |  2.4
Spellcasting   | |  1.9

Action                   |  1- 3 |  4- 6 || total
-------------------------+-------+-------++-------
Melee: Hand axe          |    82 |   122 ||   204
 Cast: Pain              |    10 |    46 ||    56
       Vampiric Draining |     6 |    37 ||    43
  Eat: Chunk             |     3 |    15 ||    18
Armor: Ring mail         |    35 |    37 ||    72
Dodge: Dodged            |    80 |    77 ||   157
